 Dungeon Crawl Stone Soup version 0.24.0-1-gfbc8707 (webtiles) character file.

Game seed: 12180442702550824604, levelgen mode: deterministic

37573 Illumine the Cleaver (level 13, -2/117 HPs)
             Began as a Minotaur Fighter on Nov 8, 2019.
             Was a High Priest of Makhleb.
             Slain by a wyvern (4 damage)
             ... on level 6 of the Lair of Beasts.
             The game lasted 00:18:41 (13141 turns).

Illumine the Cleaver (Minotaur Fighter)            Turns: 13141, Time: 00:18:42

Health: -2/117     AC: 21    Str: 23    XL:     13   Next: 59%
Magic:  19/19      EV: 13    Int:  5    God:    Makhleb [*****.]
Gold:   929        SH:  4    Dex: 16    Spells: 12/12 levels left

rFire    + + .     SeeInvis .   x - +0 executioner's axe (vamp)
rCold    + + .     Gourm    .   (shield currently unavailable)
rNeg     . . .     Faith    .   D - +0 plate armour
rPois    +         Spirit   .   (helmet restricted)
rElec    +         Reflect  +   z - scarf {rC+ rF+}
rCorr    +         Harm     .   F - +2 pair of gloves {Dex+3}
MR       .....                  L - +0 pair of boots
Stlth    ..........             y - +4 amulet of reflection
HPRegen  0.29/turn              (no ring)
MPRegen  0.16/turn              (no ring)

@: lethally poisoned (-2 -> -72), resistant, slowed, studying Armour, very slow
A: retaliatory headbutt, horns 2
a: Minor Destruction, Lesser Servant of Makhleb, Major Destruction, Greater
Servant of Makhleb, Renounce Religion


You were on level 6 of the Lair of Beasts.
You worshipped Makhleb.
Makhleb was extremely pleased with you.
You were very hungry.

You visited 3 branches of the dungeon, and saw 17 of its levels.
You also visited: Bailey.

You collected 929 gold pieces.

Inventory:

Hand Weapons
 a - a +0 war axe
 p - a +2 hand axe of electrocution
 x - a +0 vampiric executioner's axe (weapon)
 I - a +0 flail of draining
Missiles
 h - 4 throwing nets (quivered)
Armour
 c - a +0 shield
 z - a scarf of resistance (worn)
 D - a +0 plate armour (worn)
 F - a +2 pair of gloves of dexterity (worn)
 L - a +0 pair of boots (worn)
Jewellery
 l - an uncursed amulet of faith
 y - a +4 amulet of reflection (around neck)
 C - an uncursed amulet of the gourmand
 T - an uncursed amulet of rage
Wands
 g - a wand of polymorph (5)
 n - a wand of random effects (8)
 H - a wand of digging (11)
 P - a wand of enslavement (37)
Scrolls
 b - 4 scrolls of immolation
 m - 7 scrolls of enchant armour
 o - 2 scrolls of blinking
 q - 6 scrolls of teleportation
 r - 3 scrolls of magic mapping
 w - 2 scrolls of enchant weapon {unknown}
 A - 3 scrolls of amnesia
 B - a scroll of fear
 E - a scroll of fog {unknown}
 M - 3 scrolls of remove curse
 N - 3 scrolls of brand weapon {unknown}
 Q - a scroll of torment {unknown}
 R - a scroll of summoning {unknown}
 S - a scroll of vulnerability {unknown}
Potions
 d - 4 potions of might
 e - 3 potions of heal wounds
 j - 3 potions of curing
 k - 3 potions of ambrosia
 s - 4 potions of agility
 t - 2 potions of brilliance
 u - a potion of resistance
 v - 2 potions of haste {unknown}
 G - 2 potions of mutation {unknown}
 J - a potion of degeneration {unknown}
 K - 2 potions of berserk rage
 O - a potion of flight {unknown}
Books
 i - a manual of Armour
Comestibles
 f - 10 rations


   Skills:
 + Level 11.7 Fighting
 * Level 14.3 Axes
 + Level 14.1 Armour
 + Level 10.2 Dodging
 - Level 8.5 Shields
 + Level 10.5 Invocations


You had 12 spell levels left.
You didn't know any spells.
Your spell library contained the following spells:

 Spells                   Type           Power        Failure   Level  Hunger
 Animate Skeleton         Necr           N/A          99%         1    ##.....
 Apportation              Tloc           #.....       99%         1    ##.....
 Confusing Touch          Hex            #.....       99%         1    ##.....
 Magic Dart               Conj           #...         99%         1    ##.....
 Summon Butterflies       Summ           #.......     99%         1    ##.....
 Summon Small Mammal      Summ           #...         99%         1    ##.....
 Blink                    Tloc           N/A          100%        2    ###....
 Call Imp                 Summ           #.......     100%        2    ###....
 Slow                     Hex            #.......     100%        2    ###....
 Call Canine Familiar     Summ           #.......     100%        3    ####...
 Conjure Flame            Conj/Fire      #.......     100%        3    ####...
 Lesser Beckoning         Tloc           #.........   100%        3    ####...
 Mephitic Cloud           Conj/Pois/Air  #.......     100%        3    ####...
 Summon Guardian Golem    Hex/Summ       #.......     100%        3    ####...
 Tukima's Dance           Hex            #.......     100%        3    ####...
 Summon Ice Beast         Ice/Summ       #.......     100%        4    #####..
 Summon Lightning Spire   Summ/Air       #.......     100%        4    #####..
 Alistair's Intoxication  Tmut/Pois      #.......     100%        5    ######.
 Invisibility             Hex            #.......     100%        6    #######


Dungeon Overview and Level Annotations

Branches:
Dungeon (10/15)            Temple (1/1) D:5            Lair (6/6) D:9
  Swamp (0/4) Lair:4        Snake (0/4) Lair:3       Bailey (visited)
  Slime: Lair:5-6       Orc: D:9-12

Altars:
Ashenzari
Cheibriados
Dithmenos
Elyvilon
Fedhas
Gozag
Hepliaklqana
Kikubaaqudgha
Makhleb
Nemelex Xobeh
Okawaru
Qazlal
Ru
Sif Muna
Trog
Uskayaw
Vehumet
Wu Jian
Xom
Yredelemnul
Zin

Shops:
D:10 (

Portals:
Trove: D:10 (give 16 scrolls of teleportation)

Annotations:
Lair:3 exclusion: oklob plant
Lair:4 exclusion: oklob plant


Innate Abilities, Weirdness & Mutations

You reflexively headbutt those who attack you in melee.
You have a pair of horns on your head.


Message History

The black mamba poisons you! You block the water moccasin's attack.
The spiny frog stings you!
* * * LOW HITPOINT WARNING * * *
You are more poisoned.
The spiny frog poisons you!
Unknown command.
You feel protected.
* * * LOW HITPOINT WARNING * * *
You feel extremely sick. The black mamba bites you.
* * * LOW HITPOINT WARNING * * *
You block the wyvern's attack. The guardian serpent hits you.
* * * LOW HITPOINT WARNING * * *
The water moccasin barely misses you.
The cacodemon hits you but does no damage.
The cacodemon barely misses you. The black mamba barely misses you.
You furiously retaliate!
You headbutt the black mamba.
The spiny frog stings you but does no damage.
The wyvern bites you.
You die...

##.......................#
##††.....#...............P
.#P.....###.....^......#..
.....#.#####...........#
.........#...........P##
.....................#
...................P.#.#
............†..FSl....#
..............†S@#.#
..............††S2l.....
.................#.#.#.#
.....................
...............#<#.#
....................
.............#.#.#.#
..................


You could see a cacodemon, a guardian serpent, a black mamba, a spiny frog, a
water moccasin and 2 wyverns.

Vanquished Creatures
  Snorg (Lair:4)
  Harold (D:10)
  A hydra (Lair:5)
  6 death yaks
  Nergalle (Lair:4)
  A wolf spider (Lair:6)
  2 elephants (Lair:5)
  5 black mambas
  A torpor snail (Lair:3)
  10 spiny frogs
  2 komodo dragons
  A rime drake (Lair:6)
  A troll (D:10)
  4 polar bears
  4 blink frogs (Lair:2)
  A hornet (Lair:6)
  7 dream sheep (Lair:5)
  3 hippogriffs
  3 redbacks (Lair:6)
  3 wyverns
  39 yaks
  4 vampire mosquitoes (Lair:4)
  3 basilisks (Lair:3)
  2 nagas (Lair:3)
  13 water moccasins
  11 porcupines
  14 orc warriors
  3 black bears
  6 sky beasts
  7 necrophages (Lair:2)
  A phantom (D:7)
  3 wolves (Lair:3)
  4 ogres
  10 centaurs
  6 crocodiles
  2 big kobolds
  A wyvern zombie (D:6)
  9 bullfrogs
  3 killer bees (D:8)
  3 scorpions
  4 wights (D:10)
  A vampire bat (Lair:4)
  A howler monkey (D:6)
  3 crimson imps
  A bullfrog zombie (D:6)
  3 jellies
  A quasit (D:9)
  A bullfrog skeleton (D:7)
  4 hounds
  9 orc priests
  3 iguanas
  7 orc wizards
  4 worker ants
  2 hound skeletons
  A worker ant zombie (D:7)
  3 gnolls (D:8)
  14 adders
  A shadow imp (D:8)
  2 oozes
  3 adder skeletons (D:4)
  An adder zombie (D:8)
  2 worms
  A dart slug (D:1)
  4 leopard geckos
  44 orcs
  11 bats
  3 giant cockroaches (D:3)
  5 hobgoblins
  3 jackals (D:1)
  4 quokkas
  A frilled lizard (D:1)
  A goblin (D:1)
  9 kobolds
  A leopard gecko skeleton (D:4)
  2 rats
  A fungus (Lair:3)
  A plant (Lair:3)
364 creatures vanquished.

Vanquished Creatures (collateral kills)
  2 hydras
  3 death yaks
  2 black mambas (Lair:6)
  2 spiny frogs (Lair:6)
  A yak (Lair:4)
  A hungry ghost (D:10)
  2 water moccasins
  A crocodile (Lair:6)
  A bullfrog (Lair:3)
  2 wights (D:10)
  An iguana (D:10)
  A butterfly (Lair:3)
19 creatures vanquished.

Vanquished Creatures (others)
  2 water moccasins (Lair:6)
  4 fungi
  4 plants
10 creatures vanquished.

Grand Total: 393 creatures vanquished

Notes
Turn   | Place    | Note
-------+----------+-------------------------------------------
     0 | D:1      | Illumine the Minotaur Fighter began the quest for the Orb.
     0 | D:1      | Reached XP level 1. HP: 19/19 MP: 0/0
   310 | D:1      | Reached XP level 2. HP: 27/27 MP: 1/1
   900 | D:2      | Reached XP level 3. HP: 33/33 MP: 2/2
   908 | D:2      | Reached skill level 1 in Dodging
  1299 | D:3      | Reached XP level 4. HP: 38/40 MP: 3/3
  2137 | D:4      | Reached XP level 5. HP: 40/47 MP: 4/4
  2297 | D:4      | Noticed a centaur
  2304 | D:4      | Killed a centaur
  2304 | D:4      | Reached skill level 5 in Axes
  2304 | D:4      | Reached XP level 6. HP: 25/53 MP: 5/5
  2420 | D:4      | Noticed a sky beast
  2437 | D:4      | Killed a sky beast
  2437 | D:4      | Reached skill level 5 in Fighting
  3159 | D:5      | Entered Level 5 of the Dungeon
  3197 | D:5      | Reached skill level 5 in Armour
  3205 | D:5      | Reached skill level 5 in Shields
  3206 | D:5      | Reached XP level 7. HP: 57/61 MP: 6/6
  3241 | D:5      | Found a staircase to the Ecumenical Temple.
  3260 | Temple   | Entered the Ecumenical Temple
  3323 | Temple   | Became a worshipper of Makhleb the Destroyer
  3439 | D:5      | Reached skill level 1 in Invocations
  3611 | D:5      | Found a snail-covered altar of Cheibriados.
  3611 | D:5      | Found a radiant altar of Vehumet.
  3614 | D:5      | Found a stormy altar of Qazlal.
  3615 | D:5      | Found an ancient bone altar of Kikubaaqudgha.
  3616 | D:5      | Found a basalt altar of Yredelemnul.
  4201 | D:6      | Reached XP level 8. HP: 69/70 MP: 8/8
  4665 | D:6      | Reached * piety under Makhleb
  5185 | D:7      | Noticed a hippogriff
  5190 | D:7      | Killed a hippogriff
  5394 | D:7      | Reached XP level 9. HP: 25/78 MP: 11/11
  5722 | D:7      | Reached skill level 5 in Dodging
  5753 | D:7      | Reached skill level 5 in Invocations
  6603 | D:8      | Found an iron altar of Okawaru.
  6864 | D:8      | Reached ** piety under Makhleb
  7004 | D:8      | You fall into a shaft and drop 2 floors!
  7004 | D:10     | Entered Level 10 of the Dungeon
  7004 | D:10     | Noticed Harold
  7014 | D:10     | Killed Harold
  7014 | D:10     | Reached XP level 10. HP: 54/88 MP: 13/13
  7121 | D:10     | Found a flagged portal.
  7150 | Bailey   | Entered a bailey
  7567 | Bailey   | Reached *** piety under Makhleb
  7791 | D:10     | Found a portal to a secret trove of treasure.
  7843 | D:10     | Noticed a four-headed hydra
  7855 | D:10     | Killed a five-headed hydra
  7855 | D:10     | Reached XP level 11. HP: 61/95 MP: 15/15
  8043 | D:10     | Found Loufilyp's Antique Weapon Emporium.
  8497 | D:9      | Found a sparkling altar of Nemelex Xobeh.
  8734 | D:9      | Found a staircase to the Lair.
  8753 | Lair:1   | Entered Level 1 of the Lair of Beasts
  8886 | Lair:1   | Reached skill level 10 in Axes
  8932 | Lair:2   | HP: 3/97 [poisoned by a spiny frog]
  8957 | Lair:2   | Reached **** piety under Makhleb
  9278 | Lair:2   | Reached skill level 10 in Armour
  9845 | Lair:3   | Noticed a death yak
  9858 | Lair:3   | Killed a death yak
  9887 | Lair:3   | Noticed a death yak
  9887 | Lair:3   | Noticed a death yak
  9888 | Lair:3   | Noticed an oklob plant
  9909 | Lair:3   | Killed a death yak
  9910 | Lair:3   | Killed a death yak
  9999 | Lair:3   | Noticed a death yak
 10005 | Lair:3   | Killed a death yak
 10148 | Lair:2   | Reached XP level 12. HP: 106/106 MP: 17/17
 10163 | Lair:2   | Reached skill level 10 in Fighting
 10881 | Lair:3   | Found a staircase to the Snake Pit.
 11237 | Lair:4   | Found a staircase to the Swamp.
 11301 | Lair:4   | Reached ***** piety under Makhleb
 11328 | Lair:4   | Noticed Snorg
 11339 | Lair:4   | Killed Snorg
 11340 | Lair:4   | Noticed Nergalle
 11357 | Lair:4   | Killed Nergalle
 11808 | Lair:5   | Noticed an eight-headed hydra
 11818 | Lair:5   | Killed an eight-headed hydra
 12142 | Lair:5   | Noticed a six-headed hydra
 12157 | Lair:5   | Killed an eight-headed hydra
 12448 | Lair:5   | Found the +6 Majin-Bo {vamp, Archmagi MP+6 Int+6}
 12452 | Lair:5   | Reached XP level 13. HP: 112/116 MP: 19/19
 12503 | Lair:5   | Reached skill level 10 in Invocations
 13007 | Lair:6   | Entered Level 6 of the Lair of Beasts
 13086 | Lair:6   | Reached skill level 10 in Dodging
 13129 | Lair:6   | Noticed a cacodemon
 13141 | Lair:6   | HP: 4/117 [poisoned by a spiny frog]
 13141 | Lair:6   | Slain by a wyvern

Levels and vault maps discovered:
D:1:      dpeg_arrival_tiny_a, layout_basic
D:2:      layout_basic, first_ration, nicolae_qazlal_style_of_elements,
          uniq_robin
D:3:      layout_loops_ring
D:4:      layout_loops_corners
D:5:      layout_basic, minitemple, minmay_temple_entry_crystal_x
D:6:      layout_basic, serial_curves, eino_curves_03, eino_curves_03
D:7:      layout_layer_cave
D:8:      layout_basic, overflow_temple_1_default, hangedman_pestilent_swarm
D:9:      layout_roguey, tso_altar, nemelex_xobeh_ov_fountains_minmay,
          grunt_lair_entry_orc_guard_hut, minmay_lizard_king, uniq_maurice
D:10:     layout_gridville, serial_shops, kennysheep_mini, enter_bailey_2,
          nicolae_trove_entry_crossroad, uniq_harold
Temple:   zaba_magenta_temple
Lair:1:   layout_chaotic_city
Lair:2:   layout_roguey, roderic_carrion_pond, grunt_megastairs_1
Lair:3:   layout_concentric_octagons, minmay_snake_entry_guardpost_small,
          kennysheep_basilisk_garden, serial_bayou_shore_a, grunt_megastairs_3,
          lemuel_fruit_fields, minmay_lair_oklob_chamber
Lair:4:   layout_loops_ring, minmay_swamp_entry_swarm, bh_chokoban,
          roderic_batcave, uniq_snorg, uniq_nergalle
Lair:5:   layout_regular_city, beast_lair_carwin_5
Lair:6:   wormcave, layout_cave_pods, hangedman_lair_tendril_chambers,
          slime_dummy, st_stairs_11

Skill      XL: |  1  2  3  4  5  6  7  8  9 10 11 12 13 |
---------------+----------------------------------------+-----
Axes           | 3 4 5 6 7 8 9 11 13 14 | 14.3
Fighting       | 4 5 6 7 8 9 11 | 11.7
Dodging        | 1 2 3 4 5 7 8 9 10 | 10.2
Shields        | 4 5 6 7 8 |  8.5
Armour         | 4 5 6 7 9 11 13 14 | 14.1
Invocations    | 2 4 6 7 8 9 10 | 10.5

Action                   |  1- 3 |  4- 6 |  7- 9 | 10-12 | 13-15 || total
-------------------------+-------+-------+-------+-------+-------++-------
Melee: War axe           |    66 |    27 |       |       |       ||    93
       Headbutt          |     8 |    19 |    63 |   145 |    31 ||   266
       Hand axe          |       |    59 |   268 |   136 |       ||   463
       Executioner's axe |       |       |       |   404 |   105 ||   509
       Flail             |       |       |       |     7 |       ||     7
Invok: Lesser Servant of |       |       |       |     8 |     2 ||    10
       Greater Servant o |       |       |       |       |     1 ||     1
Evoke: Wand              |       |       |       |     4 |       ||     4
  Use: Scroll            |       |     1 |     5 |    10 |     2 ||    18
       Potion            |       |       |       |     2 |     5 ||     7
 Stab: Distracted        |       |       |       |     1 |       ||     1
  Eat: Chunk             |     1 |     3 |    11 |     8 |     1 ||    24
       Ration            |       |     1 |       |     5 |       ||     6
Armor: Scale mail        |    23 |     2 |       |       |       ||    25
       Chain mail        |       |    30 |    48 |       |       ||    78
       Plate armour      |       |       |    73 |   517 |   158 ||   748
Dodge: Dodged            |    15 |     9 |    51 |   455 |   184 ||   714
Block: Shield            |    38 |    52 |   111 |   149 |       ||   350
       Reflection        |       |       |     1 |     1 |       ||     2
       Other             |       |       |       |   150 |    49 ||   199
